 Dungeon Crawl Stone Soup version 0.18.1-50-g88ac8fd (webtiles) character file.

785 RudyRod the Covered (level 7, -1/64 HPs)
             Began as a Naga Fighter on Oct 12, 2016.
             Was an Initiate of Cheibriados.
             Succumbed to olma's ghost's poison
             ... on level 5 of the Dungeon.
             The game lasted 00:22:43 (5281 turns).

RudyRod the Covered (Naga Fighter)                  Turns: 5281, Time: 00:22:44

Health: -1/64      AC:  6    Str: 22    XL:     7   Next: 86%
Magic:  0/7        EV:  6    Int:  9    God:    Cheibriados [......]
Gold:   390        SH:  9    Dex: 11    Spells: 0 memorised, 6 levels left

rFire  x . .     SeeInvis +     a - +0 trident
rCold  + . .     Gourm    .     b - +0 scale mail
rNeg   . . .     Faith    .     c - +0 shield
rPois  +         Spirit   +     (no helmet)
rElec  .         Dismiss  .     (no cloak)
rCorr  .         Reflect  .     (no gloves)
SustAt .         Harm     .     (no barding)
MR     .....                    l - amulet of guardian spirit
Stlth  +.........               (no ring)
                                o - ring of ice

@: lethally poisoned (-1 -> -15), very slow, not resistant to hostile
enchantments, very unstealthy
A: see invisible, deformed body, poison resistance, slowness 2, slow metabolism
1, spit poison 2, AC +2
a: Spit Poison, Bend Time, Renounce Religion


You were on level 5 of the Dungeon.
You worshipped Cheibriados.
Cheibriados was noncommittal.
You were not hungry.

You visited 2 branches of the dungeon, and saw 6 of its levels.

You collected 390 gold pieces.

Inventory:

Hand Weapons
 a - a +0 trident (weapon)
Armour
 b - a +0 scale mail (worn)
 c - a +0 shield (worn)
Jewellery
 l - an amulet of guardian spirit (around neck)
 o - a ring of ice (left hand)
 p - an uncursed ring of poison resistance
Wands
 q - a wand of random effects (48/48)
 y - a wand of random effects (21/48)
Scrolls
 g - 7 scrolls of identify
 h - a scroll of fog
 r - 3 scrolls of remove curse
Potions
 d - a potion of might
 e - 2 potions of brilliance {unknown}
 i - 4 potions of curing {unknown}
 k - a potion of agility {unknown}
 m - a potion of flight {unknown}
 n - a potion of mutation {unknown}
 t - a potion of magic {unknown}
 u - a potion of heal wounds
 v - a potion of cure mutation {unknown}
Books
 w - a book of Summonings

   Spells                             Type                      Level
   a - Recall                         Summoning/Translocation      3
   b - Aura of Abjuration             Summoning                    5
   c - Summon Demon                   Summoning                    5
   d - Summon Forest                  Summoning/Translocation      5
   e - Summon Mana Viper              Hexes/Summoning              5
   f - Shadow Creatures               Summoning                    6
Comestibles
 f - 2 bread rations
 A - a meat ration
 C - a beef jerky


   Skills:
 + Level 4.2 Fighting
 * Level 4.2 Polearms
 + Level 4.3 Armour
 + Level 2.0 Dodging
 * Level 4.3 Stealth
 + Level 3.7 Shields


You had 6 spell levels left.
You didn't know any spells.

Dungeon Overview and Level Annotations

Branches:
Dungeon (5/15)             Temple (1/1) D:4

Altars:
Ashenzari
Cheibriados
Dithmenos
Elyvilon
Gozag
Kikubaaqudgha
Makhleb
Nemelex Xobeh
Okawaru
Pakellas
Qazlal
Ru
Sif Muna
Trog
Vehumet
Zin
The Shining One

Annotations:
D:5 olma's ghost, amateur TrBe


Innate Abilities, Weirdness & Mutations

You cannot wear boots.
Your serpentine skin is tough (AC +2).
You have supernaturally acute eyesight.
Armour fits poorly on your strangely shaped body.
Your system is resistant to poisons.
You cover ground very slowly.
You have a slow metabolism.
You can spit poison.


Message History

You block the jackal's attack. The jackal bites you. Olma's ghost hits you.
You are lethally poisoned!
You feel very sick.
The jackal bites you but does no damage.
The jackal bites you.
You feel very sick.
The jackal bites you but does no damage.
You feel very sick. The jackal barely misses you. The jackal bites you.
* * * LOW HITPOINT WARNING * * *
You feel very sick. You block the jackal's attack. Olma's ghost hits you!
* * * LOW HITPOINT WARNING * * *
* * * LOW HITPOINT WARNING * * *
You feel very sick.
The jackal bites you but does no damage.
Olma's ghost hits you!
* * * LOW HITPOINT WARNING * * *
You block the jackal's attack.
You die...

#....<.h....###.....# #.....
..........l##.#.##..##### #####..
.......######.#.#..##### .......
....... #.#.......... .###...
......# ####..........## .......
>.....# ##......######... ###....
......###.....#########.### #....
..........#...W...........# #....
..............h.@...# #...# #....
........###.........###...###....
........###......................
...............########...###....
............###########[..###....
.......####.......>.......(......
#.....## #############...###....
####### #...# #.... #...# ##...


You could see olma's ghost and a jackal.

Vanquished Creatures
  Grinder (D:5)
  A sky beast (D:4)
  2 ogres
  A howler monkey (D:4)
  A hound (D:4)
  2 iguanas
  An orc wizard (D:5)
  A howler monkey zombie (D:5)
  A worker ant zombie (D:4)
  2 adders
  An ooze (D:1)
  An adder skeleton (D:4)
  9 dart slugs
  2 giant geckos (D:3)
  14 orcs
  A ball python (D:1)
  4 giant cockroaches
  5 hobgoblins
  7 jackals
  4 quokkas
  5 bats
  A giant gecko zombie (D:5)
  A giant newt (D:2)
  12 goblins
  A jackal zombie (D:5)
  A kobold (D:1)
  9 rats
91 creatures vanquished.

Notes
Turn   | Place    | Note
--------------------------------------------------------------
     0 | D:1      | RudyRod the Naga Fighter began the quest for the Orb.
     0 | D:1      | Reached XP level 1. HP: 21/21 MP: 1/1
    42 | D:1      | Reached XP level 2. HP: 26/28 MP: 2/2
   441 | D:1      | Reached XP level 3. HP: 33/34 MP: 3/3
  1090 | D:2      | Found an oddly glowing altar of Pakellas.
  1506 | D:2      | Reached skill level 1 in Stealth
  1627 | D:2      | Found an opulent altar of Gozag.
  1831 | D:2      | Found an opulent altar of Gozag.
  1873 | D:2      | Reached XP level 4. HP: 41/42 MP: 4/4
  2290 | D:3      | You fall through a shaft!
  2308 | D:4      | Reached XP level 5. HP: 30/49 MP: 1/5
  2563 | D:3      | Found a glowing golden altar of the Shining One.
  3063 | D:3      | Noticed an ogre
  3070 | D:3      | Killed an ogre
  3422 | D:4      | Reached XP level 6. HP: 46/56 MP: 6/6
  3488 | D:4      | Noticed a sky beast
  3504 | D:4      | Killed a sky beast
  3549 | D:4      | Found a staircase to the Ecumenical Temple.
  3568 | D:4      | Found a bloodstained altar of Trog.
  3676 | D:4      | Reached skill level 1 in Dodging
  3958 | D:4      | Reached XP level 7. HP: 25/63 MP: 1/7
  4349 | D:4      | Found a burning altar of Makhleb.
  4418 | Temple   | Entered the Ecumenical Temple
  4467 | Temple   | Became a worshipper of Cheibriados the Contemplative
  4500 | D:5      | Entered Level 5 of the Dungeon
  4742 | D:5      | Noticed olma's ghost (amateur TrBe)
  4861 | D:5      | Noticed Grinder
  4879 | D:5      | Killed Grinder
  5280 | D:5      | HP: 1/64 [olma's ghost (6)]
  5281 | D:5      | Succumbed to olma's ghost's poison

Skill      XL: |  1  2  3  4  5  6  7 |
---------------+----------------------+-----
Stealth        | 1 2 3 4 |  4.3
Armour         | 3 4 |  4.3
Polearms       | 3 4 |  4.2
Shields        | 3 |  3.7
Dodging        | 1 2 |  2.0
Fighting       | 4 |  4.2

Action                   |  1- 3 |  4- 6 |  7- 9 || total
-------------------------+-------+-------+-------++-------
Melee: Trident           |   161 |   128 |    63 ||   352
Invok: Bend Time         |       |       |     1 ||     1
 Abil: Spit Poison       |    10 |    23 |     5 ||    38
  Use: Potion            |       |     1 |     1 ||     2
       Scroll            |       |       |     8 ||     8
  Eat: Chunk             |     3 |     3 |       ||     6
       Beef jerky        |       |     1 |       ||     1
       Bread ration      |       |     1 |     1 ||     2
Armor: Scale mail        |    71 |    37 |    35 ||   143
Dodge: Dodged            |    35 |    29 |    21 ||    85
Block: Shield            |    81 |    58 |    49 ||   188
